 Dungeon Crawl Stone Soup version 0.30-b1-7-gcb88a99046 (webtiles) character file.

Game seed: 4856252593625151944

422 RascalDebosk the Trooper (level 7, -4/52 HPs)
             Began as a Djinni Fire Elementalist on May 5, 2023.
             Killed by miscasting Flame Wave (12 damage)
             ... on level 4 of the Dungeon.
             The game lasted 00:18:11 (3401 turns).

RascalDebosk the Trooper (Djinni Fire Elementalist) Turns: 3401, Time: 00:18:11

Health: -4/52      AC:  7    Str:  7    XL:     7   Next: 17%
Gold:   147        EV: 10    Int: 18    God:
                   SH:  0    Dex: 14

rFire   + + .        q - +0 falchion
rCold   x . .        (no shield)
rNeg    . . .        g - +0 ring mail
rPois   ∞            m - +0 helmet
rElec   .            u - +0 cloak
rCorr   .            (no gloves)
SInv    .            (boots unavailable)
Will    +....        (no amulet)
Stlth   +            k - ring of willpower
HPRegen 0.28/turn    (no ring)
MPRegen 0.00/turn

%: infuse magic (-5 HP)
@: flying, slightly contaminated
A: sickness immunity, fire resistance 2, cold vulnerability 1, float, innate
caster, HP casting, extra vitality 1
a: no special abilities


You were on level 4 of the Dungeon.
You visited 1 branch of the dungeon, and saw 4 of its levels.

You collected 147 gold pieces.

Inventory:

Hand Weapons
 q - a +0 falchion (weapon)
 s - a +0 dagger
Armour
 a - a +0 robe
 g - a +0 ring mail (worn)
 l - a +3 scale mail
 m - a +0 helmet (worn)
 u - a +0 cloak (worn)
Jewellery
 k - a ring of willpower (left hand)
Wands
 y - a wand of acid (6) (quivered)
Scrolls
 b - a scroll of poison {unknown}
 c - 2 scrolls of enchant armour {unknown}
 d - 2 scrolls of teleportation {unknown}
 i - a scroll of enchant weapon {unknown}
 n - a scroll of identify {unknown}
 o - a scroll of summoning {unknown}
 r - a scroll of immolation {unknown}
 t - a scroll of fog {unknown}
 v - 3 scrolls of noise {unknown}
Potions
 e - 2 potions of mutation {unknown}
 f - a potion of curing {unknown}
 h - a potion of brilliance {unknown}
 j - a potion of resistance {unknown}
 p - a potion of magic {unknown}
 w - a potion of flight {unknown}
 x - a potion of lignification {unknown}


   Skills:
 * Level 4.1 Fighting
 + Level 2.7 Armour
 - Level 2.1 Dodging
 - Level 1.5 Stealth
 * Level 4.1 Spellcasting


You knew the following spells:

 Your Spells              Type           Power      Damage    Failure   Level
a - Foxfire               Conj/Fire      72%        2x1d7     9%          1
b - Scorch                Fire           36%        2d7       13%         2
c - Volatile Blastmotes   Fire/Tloc      36%        2d13      26%         3
d - Inner Flame           Hex/Fire       18%        N/A       26%         3
e - Flame Wave            Conj/Fire      18%        2d7       63%         4
f - Sandblast             Erth           36%        2d10      9%          1
g - Ensorcelled Hibernat  Hex/Ice        36%        N/A       13%         2
h - Tukima's Dance        Hex            18%        N/A       26%         3
Your spell library was empty.

Dungeon Overview and Level Annotations

Branches:
Dungeon (4/15)
 Temple: D:4-7

Altars:

Shops:
D:3 :


Innate Abilities, Weirdness & Mutations

You are immune to sickness and miasma.
You are immune to poison.
Your flesh is very heat resistant. (rF++)
You are vulnerable to cold. (rC-)
You float through the air rather than walking.
You learn spells naturally, not from books.
Your magical power is your life essence.
You have superior vitality. (+4 MHP)


Message History

You conjure some foxfire!
The phantom hits you but does no damage.
Your magical contamination has completely faded away.
Casting: Foxfire (safe; 10% risk of failure)
Confirm with . or Enter, or press ? or * to list all spells.
You conjure some foxfire!
The foxfire hits the phantom.
You destroy the phantom!
Your Fighting skill increases to level 4!
You have reached level 7!
The power to cast Tukima's Dance wells up from within.
Spell assigned to 'h'.
Your foxfire dissipates!
Your foxfire dissipates! x2
You now have 147 gold pieces (gained 4).
A black bear comes into view.
The black bear growls angrily.
An iguana comes into view.
Casting: Foxfire (safe; 9% risk of failure)
Confirm with . or Enter, or press ? or * to list all spells.
Aiming: Inner Flame (dangerous; 26% risk of failure)
Press: ? - help, Dir - move target, f - black bear
Aim: a black bear (chance to affect: 73%)
You miscast Inner Flame.
You are very lightly contaminated with residual magic.
You feel uncomfortably hot. You resist.
The iguana hisses angrily.
You hear a shout! x2
Casting: Inner Flame (dangerous; 26% risk of failure)
Confirm with . or Enter, or press ? or * to list all spells.
Aiming: Inner Flame (dangerous; 26% risk of failure)
Press: ? - help, Dir - move target, f/p - black bear
Aim: a black bear (chance to affect: 73%)
The black bear struggles to resist.
Casting: Inner Flame (dangerous; 26% risk of failure)
Confirm with . or Enter, or press ? or * to list all spells.
Aiming: Inner Flame (dangerous; 26% risk of failure)
Press: ? - help, Dir - move target, f/p - black bear
Aim: a black bear (chance to affect: 73%)
You miscast Inner Flame.
Nothing appears to happen.
Casting: Inner Flame (dangerous; 26% risk of failure)
Confirm with . or Enter, or press ? or * to list all spells.
Aiming: Inner Flame (dangerous; 26% risk of failure)
Press: ? - help, Dir - move target, f/p - black bear
Aim: a black bear (chance to affect: 73%)
You miscast Inner Flame.
Nothing appears to happen.
An orc comes into view. It is wielding a +0 hand axe.
Casting: Inner Flame (dangerous; 26% risk of failure)
Confirm with . or Enter, or press ? or * to list all spells.
The spell is extremely dangerous to miscast (63% risk of failure)!
Continue anyway?
Casting: Flame Wave (extremely dangerous; 63% risk of failure)
Press: ? - help, Dir - look around, f - activate A wave of flame ripples out!
The flame wave engulfs the iguana.
The iguana is moderately wounded. (Press . to intensify the flame waves.)
You hear a shout!
The iguana bites you but does no damage.
A wave of flame ripples out!
The flame wave engulfs the black bear.
The black bear is lightly wounded.
The flame wave engulfs the iguana.
The iguana is heavily wounded.
An ufetubus comes into view.
The black bear bites you but does no damage.
The black bear claws you but does no damage. x2
The iguana barely misses you.
A wave of flame ripples out!
The flame wave engulfs the black bear!
The black bear is heavily wounded.
The flame wave engulfs the iguana.
The iguana is severely wounded.
The flame wave engulfs the orc!
You kill the orc!
You finish channelling waves of flame.
The black bear barely misses you.
The black bear claws you but does no damage.
The black bear barely misses you.
The iguana bites you but does no damage.
The black bear bites you but does no damage.
The black bear claws you but does no damage.
The black bear claws you. The iguana bites you!
* * * LOW HITPOINT WARNING * * *
Casting: Flame Wave (extremely dangerous; 63% risk of failure)
Confirm with . or Enter, or press ? or * to list all spells.
The spell is extremely dangerous to miscast (63% risk of failure)!
Continue anyway?
Casting: Flame Wave (extremely dangerous; 63% risk of failure)
Press: ? - help, Dir - look around, f - activate You miscast Flame Wave.
You are caught in a fiery explosion.
You resist.
* * * LOW HITPOINT WARNING * * *
* * * LOW HITPOINT WARNING * * *
The black bear closely misses you.
The black bear claws you but does no damage.
The black bear closely misses you.
A hobgoblin comes into view.
The iguana bites you.
* * * LOW HITPOINT WARNING * * *
Casting: Flame Wave (extremely dangerous; 63% risk of failure)
Confirm with . or Enter, or press ? or * to list all spells.
The spell is extremely dangerous to miscast (63% risk of failure)!
Continue anyway?
Casting: Flame Wave (extremely dangerous; 63% risk of failure)
Press: ? - help, Dir - look around, f - activate You miscast Flame Wave.
You are lightly contaminated with residual magic.
You are blasted with magical energy!
You die...

...........# ....
............#
...###..............#
..#................# #
#..................#
##g##...#..........†....
....)..5#...............
.........#.#......)..#..
...$..l@[....#####..##.#
......h.......# ##..##.#
##...##.......###.......
#......#.###.....###...
###.####.# ##...## ##..
#.....##.####...# #..
................#### .
#.....#..###.........
..................###


You could see a black bear, an iguana, an ufetubus and a hobgoblin.

Vanquished Creatures
  Grinder (D:4)
  A phantom (D:4)
  4 gnolls (D:4)
  4 adders
  An ufetubus (D:3)
  3 dart slugs
  5 orcs
  8 ball pythons
  3 endoplasms (D:1)
  A giant cockroach (D:4)
  6 goblins
  6 hobgoblins
  2 jackals (D:1)
  4 quokkas
  8 bats
  2 frilled lizards
  5 kobolds
  7 rats
71 creatures vanquished.

Vanquished Creatures (others)
  204 foxfires
204 creatures vanquished.

Grand Total: 275 creatures vanquished

Notes
Turn   | Place    | Note
-------+----------+-------------------------------------------
     0 | D:1      | RascalDebosk the Djinni Fire Elementalist began the quest
                  | for the Orb.
     0 | D:1      | RascalDebosk set off with the following spells memorised:
                  | Foxfire, Scorch, Volatile Blastmotes, Inner Flame, Flame
                  | Wave.
     0 | D:1      | Reached XP level 1. HP: 15/15 MP: 0/0
    88 | D:1      | Reached XP level 2. HP: 20/22 MP: 0/0
   203 | D:1      | Reached skill level 1 in Fighting
   716 | D:1      | Reached XP level 3. HP: 25/27 MP: 0/0
   716 | D:1      | Learned a level 1 spell: Sandblast
  1101 | D:2      | Reached skill level 1 in Armour
  1456 | D:2      | Reached XP level 4. HP: 26/33 MP: 0/0
  2395 | D:3      | Reached XP level 5. HP: 39/39 MP: 0/0
  2395 | D:3      | Learned a level 2 spell: Ensorcelled Hibernation
  2503 | D:3      | Found Yfucamn's Book Emporium.
  3249 | D:4      | Noticed Grinder
  3264 | D:4      | Killed Grinder
  3265 | D:4      | Reached XP level 6. HP: 32/47 MP: 0/0
  3349 | D:4      | Reached XP level 7. HP: 42/52 MP: 0/0
  3349 | D:4      | Learned a level 3 spell: Tukima's Dance
  3401 | D:4      | Killed by miscasting Flame Wave

Illustrated notes

Levels and vault maps discovered:
D:1:      grunt_arrival_crossed_arrows, layout_basic, kennysheep_flooded_box,
          minmay_shallow_snake_nest
D:2:      layout_loops_cross, minmay_misc_feat_roman, grunt_ministairs_6,
          grunt_decor_cap
D:3:      layout_basic, serial_shops, shop_fountains
D:4:      layout_rooms, nicolae_overflow_hidden_temple,
          gammafunk_ghost_gnarly_gnolls, uniq_grinder

Skill      XL: |  1  2  3  4  5  6 |
---------------+-------------------+-----
Fighting       | 1 2 3 4 |  4.1
Armour         | 1 2 |  2.7
Spellcasting   | 3 4 |  4.1
Dodging        | |  2.1
Stealth        | |  1.5

Action                     |  1- 3 |  4- 6 |  7- 9 || total
---------------------------+-------+-------+-------++-------
  Melee: Falchion          |       |    21 |       ||    21
   Cast: Foxfire           |    70 |    63 |       ||   133
         Scorch            |     3 |    15 |       ||    18
         Ensorcelled Hiber |       |     2 |       ||     2
         Inner Flame       |       |       |     1 ||     1
         Flame Wave        |       |       |     1 ||     1
   Stab: Sleeping          |       |     1 |       ||     1
 Armour: Ring mail         |     2 |    13 |     9 ||    24
  Dodge: Dodged            |    10 |    28 |     5 ||    43
